 Dungeon Crawl Stone Soup version 0.21.1-1-g345015f (webtiles) character file.

800 kaesh the Shield-Bearer (level 8, -1/57 HPs)
             Began as a Formicid Fighter on Feb 25, 2018.
             Killed by divine providence
             ... invoked by an orc priest
              (9 damage)
             ... on level 6 of the Dungeon.
             The game lasted 00:13:40 (4387 turns).

kaesh the Shield-Bearer (Formicid Fighter)          Turns: 4387, Time: 00:13:44

Health: -1/57      AC:  8    Str: 27      XL:     8   Next: 13%
Magic:  0/8        EV:  9    Int:  7      God:
Gold:   240        SH: 11    Dex: 11 (12) Spells: 7/7 levels left

rFire    . . .     SeeInvis +   a - +1 war axe
rCold    . . .     Gourm    .   c - +0 shield
rNeg     . . .     Faith    .   b - +0 scale mail
rPois    .         Spirit   +   (helmet unavailable)
rElec    .         Reflect  .   g - scarf {Spirit}
rCorr    .         Harm     .   e - +0 pair of gloves
MR       .....                  (no boots)
Stlth    ..........             j - amulet of rage
HPRegen  0.19/turn              p - ring of see invisible
MPRegen  0.11/turn              (no ring)

@: mighty
A: permanent stasis, dig shafts and tunnels, four strong arms, antennae 3, agile
1, frail 1, weak 1
a: Dig, Shaft Self


You were on level 6 of the Dungeon.
You were not hungry.

You visited 1 branch of the dungeon, and saw 6 of its levels.
You also visited: Ossuary.

You collected 240 gold pieces.

Inventory:

Hand Weapons
 a - a +1 war axe (weapon)
Armour
 b - a +0 scale mail (worn)
 c - a +0 shield (worn)
 e - a +0 pair of gloves (worn)
 g - a scarf of spirit shield (worn)
Jewellery
 j - an amulet of rage (around neck)
 p - a ring of see invisible (left hand)
Scrolls
 h - 3 scrolls of amnesia
 o - 6 scrolls of identify
 r - a scroll of remove curse
Potions
 d - a potion of might
 i - a potion of flight
 m - a potion of cancellation
 s - 2 potions of curing
Comestibles
 f - 12 rations


   Skills:
 + Level 5.7 Fighting
 + Level 4.6 Axes
 + Level 5.7 Armour
 + Level 6.2 Shields


You had 7 spell levels left.
You didn't know any spells.

Dungeon Overview and Level Annotations

Branches:
Dungeon (6/15)
 Temple: D:4-7

Altars:
Nemelex Xobeh
Okawaru
Sif Muna

Annotations:
D:4 jazmu's ghost, amateur FoHu


Innate Abilities, Weirdness & Mutations

You cannot be hasted, slowed, berserked, paralysed or teleported.
You can dig through walls and to a lower floor.
Your four strong arms can wield two-handed weapons with a shield.
You have a pair of large antennae on your head. (SInv)
You are agile. (Dex +2)
You are frail. (-10% HP)
You are weak. (Str -2)


Message History

The bullfrog hits you but does no damage.
You block the bullfrog's attack.
You closely miss the bullfrog.
The bullfrog is heavily wounded.
The bullfrog hits you but does no damage.
The orc priest invokes the aid of Beogh against you.
Pain shoots through your body!
* * * LOW HITPOINT WARNING * * *
You block the bullfrog's attack.
You slice the orc!!
You kill the orc!
You closely miss the bullfrog. You block the bullfrog's attack.
The bullfrog hits you but does no damage.
You closely miss the orc priest. You closely miss the bullfrog.
The bullfrog hits you.
* * * LOW HITPOINT WARNING * * *
The bullfrog hits you but does no damage.
The orc priest invokes the aid of Beogh against you.
Beogh smites you!
You die...

#...... #...# ######..### #
###### #.........# .. #....#
#.........#
#.#####.>..#######.........##...
#....>..................<.....#
##............####...........###
..............oF@o.......###..#
.#.............########..# #.#
.o...$..######.....!.##..# ...
#.......# #...###.##..# ##
#....>... ###.# #..# .........#
..# ...# .#........ #.).
.######.#.# ... #. ....


You could see a bullfrog, an orc priest and an orc.

Vanquished Creatures
  2 ice beasts (D:5)
  An orc warrior (D:6)
  A centaur (D:5)
  A bullfrog (D:6)
  A howler monkey (D:6)
  A centaur zombie (Ossuary)
  An orc priest (D:6)
  2 worker ants
  An orc wizard (D:6)
  A big kobold zombie (Ossuary)
  4 mummies (Ossuary)
  A worker ant zombie (D:5)
  4 adders
  3 shadow imps
  An ooze (D:2)
  A worm (D:2)
  A dart slug (D:4)
  4 leopard geckos
  2 orcs (D:6)
  3 giant cockroaches
  2 gnoll zombies (Ossuary)
  7 goblins
  7 hobgoblins
  9 kobolds
  A quokka (D:6)
  6 bats
  5 frilled lizards
  2 goblin zombies (Ossuary)
  2 hobgoblin zombies (Ossuary)
  A jackal skeleton (D:5)
  4 rats
82 creatures vanquished.

Notes
Turn   | Place    | Note
-------+----------+-------------------------------------------
     0 | D:1      | kaesh the Formicid Fighter began the quest for the Orb.
     0 | D:1      | Reached XP level 1. HP: 18/18 MP: 1/1
   216 | D:1      | Reached XP level 2. HP: 24/24 MP: 2/2
   302 | D:1      | Found an iron altar of Okawaru.
   480 | D:1      | Gained mutation: You are weak. (Str -2) [potion of mutation]
   480 | D:1      | Gained mutation: You are frail. (-10% HP) [potion of mutation]
   480 | D:1      | Gained mutation: You are agile. (Dex +2) [potion of mutation]
   670 | D:2      | Reached XP level 3. HP: 26/26 MP: 3/3
   674 | D:2      | Reached skill level 4 in Shields
   895 | D:2      | Reached XP level 4. HP: 31/33 MP: 4/4
  2016 | D:3      | Found a deep blue altar of Sif Muna.
  2326 | D:3      | Found a sparkling altar of Nemelex Xobeh.
  2576 | D:4      | Reached XP level 5. HP: 32/37 MP: 3/5
  2961 | D:4      | Noticed jazmu's ghost (amateur FoHu)
  2971 | D:5      | Entered Level 5 of the Dungeon
  3005 | D:5      | Noticed a centaur
  3014 | D:5      | Killed a centaur
  3014 | D:5      | Reached XP level 6. HP: 25/44 MP: 2/6
  3233 | D:5      | Noticed an ice beast
  3248 | D:5      | Killed an ice beast
  3248 | D:5      | Reached skill level 5 in Shields
  3278 | D:5      | Noticed an ice beast
  3284 | D:5      | Killed an ice beast
  3284 | D:5      | Reached skill level 5 in Fighting
  3284 | D:5      | Reached skill level 5 in Armour
  3284 | D:5      | Reached XP level 7. HP: 35/50 MP: 7/7
  3288 | D:5      | Found a sand-covered staircase.
  3293 | Ossuary  | Entered an ossuary
  4381 | D:6      | Reached skill level 6 in Shields
  4382 | D:6      | Reached XP level 8. HP: 16/56 MP: 3/8
  4387 | D:6      | Killed from afar by an orc priest

Skill      XL: |  1  2  3  4  5  6  7 |
---------------+----------------------+-----
Shields        | 4 5 6 |  6.2
Fighting       | 4 5 |  5.7
Armour         | 4 5 |  5.7
Axes           | 3 4 |  4.6

Action                   |  1- 3 |  4- 6 |  7- 9 || total
-------------------------+-------+-------+-------++-------
Melee: War axe           |    90 |   127 |   104 ||   321
  Use: Potion            |     4 |     1 |     4 ||     9
       Scroll            |     3 |     3 |     4 ||    10
  Eat: Chunk             |       |     6 |     2 ||     8
       Ration            |       |     1 |       ||     1
Armor: Scale mail        |    36 |    63 |    30 ||   129
Dodge: Dodged            |    32 |    44 |    22 ||    98
Block: Shield            |    43 |    64 |    43 ||   150
